 Dungeon Sprint DCSS version 0.30-a0-149-g7f746667c4 (webtiles) character file.

Game seed: 8477787318169023641

7 Monica the Trooper (level 1, -1/18 HPs)
             Began as a Demonspawn Fighter on Sept 26, 2022.
             Slain by an iguana (7 damage)
             ... in the Dungeon (Sprint IX: "|||||||||||||||||||||||||||||").
             The game lasted 00:00:06 (21 turns).

Monica the Trooper (Demonspawn Fighter)               Turns: 21, Time: 00:00:07

Health: -1/18      AC:  6    Str: 16    XL:     1   Next: 83%
Magic:  1/1        EV:  8    Int:  9    God:
Gold:   0          SH:  4    Dex: 12    Spells: 0/0 levels left

rFire   . . .      SeeInvis .    a - +0 long sword
rCold   . . .      Faith    .    c - +0 buckler
rNeg    . . .      Spirit   .    b - +0 scale mail
rPois   .          Reflect  .    (no helmet)
rElec   .          Harm     .    (no cloak)
rCorr   .          Rampage  .    (no gloves)
Will    .....      NoTele   +    (no boots)
Stlth   ..........               (no amulet)
HPRegen 0.06/turn                (no ring)
MPRegen 0.07/turn                (no ring)

@: no status effects
A: no striking features
a: no special abilities


You were in the Dungeon.
You visited 1 branch

Inventory:

Hand Weapons
 a - a +0 long sword (weapon)
Armour
 b - a +0 scale mail (worn)
 c - a +0 buckler (worn)
Scrolls
 j - a scroll of blinking
Potions
 d - a potion of might
 e - a potion of curing
 f - a potion of heal wounds
 g - a potion of haste
 h - 2 potions of magic
 i - a potion of berserk rage


   Skills:
 + Level 3.6 Fighting
 + Level 2.1 Long Blades
 + Level 3.3 Armour
 + Level 3.2 Shields


You couldn't memorise any spells.
You didn't know any spells.
Your spell library was empty.

Dungeon Overview and Level Annotations

Branches:
Dungeon (1/1)

Altars:


Message History

The ball python hisses angrily.
The hobgoblin shouts! x2
You slash the goblin!
You kill the goblin!
You slash the ball python!
You kill the ball python!
Your Armour skill increases to level 3!
Your Shields skill increases to level 3!
The hobgoblin hits you but does no damage.
There is an open door to the Dungeon here.
Things that are here:
a +0 dagger; a goblin corpse You slash the hobgoblin!
You kill the hobgoblin!
The bat hits you but does no damage.
Your Long Blades skill increases to level 2!
You hit the bat.
You kill the bat!
You hit the hobgoblin.
The hobgoblin is moderately wounded.
The hobgoblin hits you.
You closely miss the hobgoblin.
The hobgoblin is moderately wounded.
You block the hobgoblin's attack. The hobgoblin barely misses you.
You closely miss the hobgoblin.
The hobgoblin is moderately wounded.
The hobgoblin hits you.
You hit the hobgoblin.
The hobgoblin is almost dead.
The hobgoblin hits you but does no damage.
You hit the hobgoblin.
You kill the hobgoblin!
You see here a bat corpse.
You open the door.
An iguana, 2 hounds, a black bear and an ufetubus come into view.
The iguana hisses angrily.
The jackal barks!
The hound barks!
The black bear growls angrily.
The ufetubus shouts!
You hit the iguana but do no damage. The iguana bites you!
Ouch! That really hurt!
You hit the iguana but do no damage. The iguana bites you!
You die...

▓.▓
▓.▓
▓.▓
▓)▓
▓†▓
▓.▓
▓.▓
▓.▓
▓@▓
▓l▓
▓h▓
▓h▓
▓h▓
▓5▓
▓.▓
▓+▓


You could see a black bear, an iguana, a hound, an ufetubus and a jackal.

Vanquished Creatures
  A ball python (D)
  A bat (D)
  A goblin (D)
  2 hobgoblins (D)
5 creatures vanquished.

Notes
Turn   | Place    | Note
-------+----------+-------------------------------------------
     0 | D        | Monica the Demonspawn Fighter began the quest for the Orb.
     0 | D        | Reached XP level 1. HP: 18/18 MP: 1/1
    19 | D        | Noticed an iguana
    19 | D        | Noticed a hound
    19 | D        | Noticed a black bear
    21 | D        | Slain by an iguana

Illustrated notes

Levels and vault maps discovered:
D:        linesprint [early_d, line_temple, items_1, d_10, items_2, lair_1,
          lair_end, items_3, orc_1, orc_end, items_4, d_15, swamp_1, shoals_1,
          snake_1, spider_1, d_20, vaults_1, items_5, swamp_end, shoals_end,
          snake_end, spider_end, vaults_end, d_27, items_6, zot_1, zot_end,
          crypt_end, forest_end, elf_end, slime_end, tomb_end, abyss_end,
          pan_hell_end]

Skill      XL: |  1 |
---------------+----+-----
Armour         | 3 |  3.3
Shields        | 3 |  3.2
Long Blades    | 2 |  2.1
Fighting       | |  3.6

Action                   || total
-------------------------++-------
Melee: Long sword        ||    11
Armor: Scale mail        ||     3
Dodge: Dodged            ||     1
Block: Buckler           ||     1

Table legend: (Time is in decaauts)
 A = Elapsed time spent in this place.
 B = Non-inter-level travel time spent in this place.
 C = Inter-level travel time spent in this place.
 D = Time resting spent in this place.
 E = Time spent auto-exploring this place.
 F = Levels seen in this place.
 G = Mean time per level.
                   A        B        C        D        E       F      G
               +--------+--------+--------+--------+--------+-----+--------+
         Total |     24 |     24 |      0 |      0 |      0 |   1 |   24.0 |
       Dungeon |     24 |     24 |      0 |      0 |      0 |   1 |   24.0 |
               +--------+--------+--------+--------+--------+-----+--------+

Top non-repeatable levels by time:
       D: 24 daAuts
